TOP OF THE 1ST |
Burlington Royals batting - Pitching for Detroit (APP) Tigers : LHP Satoru Mori
|
Pitching: LHP Satoru Mori
|
|
Batting: RHB Tim Persson
|
0-0: Fly out, F6 (Popup, P, EV 78.1 MPH)
|
Batting: LHB Ernesto Abreu
|
0-0: Ball 1-0: Foul Ball, location: 2F 1-1: Ball 2-1: SOLO HOME RUN (Flyball, 89XD, EV 109.4 MPH), Distance : 405 ft
|
Batting: SHB Manny Berrones
|
0-0: Ball 1-0: Foul Ball, location: 2F 1-1: Foul Ball, location: 2F 1-2: Ball 2-2: Ground out 6-3 (Groundball, 6, EV 103.8 MPH)
|
Batting: SHB Danny Ballenger
|
0-0: Ball 1-0: Foul Ball, location: 2F 1-1: Foul Ball, location: 2F 1-2: Foul Ball, location: 2F 1-2: Ball 2-2: Ball 3-2: Foul Ball, location: 2F 3-2: SINGLE (Line Drive, 8LS, EV 105.0 MPH)
|
Batting: LHB Bobby Gonzalez
|
0-0: Ball 1-0: Swinging Strike 1-1: Fly out, F7 (Flyball, 7LM, EV 95.0 MPH)
|
Top of the 1st over - 1 run, 2 hits, 0 errors, 1 left on base; Burlington 1 - Detroit (APP) 0 |
BOTTOM OF THE 1ST |
Detroit (APP) Tigers batting - Pitching for Burlington Royals : RHP Matt Slater
|
Pitching: RHP Matt Slater
|
|
Batting: LHB Bill Ford
|
0-0: Ball 1-0: Ground out U3 (Groundball, 3, EV 103.8 MPH)
|
Batting: RHB Jon Goldstein
|
0-0: Ball 1-0: Fly out, F8 (Flyball, 8LM, EV 88.1 MPH)
|
Batting: LHB Jon Pedlar
|
0-0: Called Strike 0-1: Ball 1-1: Swinging Strike 1-2: Strikes out swinging
|
Bottom of the 1st over - 0 runs, 0 hits, 0 errors, 0 left on base; Burlington 1 - Detroit (APP) 0 |
TOP OF THE 2ND |
Burlington Royals batting - Pitching for Detroit (APP) Tigers : LHP Satoru Mori
|
Batting: RHB Rob Ward
|
0-0: Ball 1-0: Ball 2-0: Foul Ball, location: 2F 2-1: Foul Ball, location: 2F 2-2: Ball 3-2: Strikes out swinging
|
Batting: SHB Marcos Cortez
|
0-0: Foul Ball, location: 2F 0-1: Foul Ball, location: 2F 0-2: Ball 1-2: Foul Ball, location: 2F 1-2: Ball 2-2: Foul Ball, location: 2F 2-2: Strikes out swinging
|
Batting: RHB Shane Bruce
|
0-0: Ball 1-0: SINGLE (Groundball, 56D, EV 105.0 MPH)
|
Batting: RHB Steve Ryals
|
0-0: Ball 1-0: Fly out, F9 (Flyball, 9, EV 89.4 MPH)
|
Top of the 2nd over - 0 runs, 1 hit, 0 errors, 1 left on base; Burlington 1 - Detroit (APP) 0 |
BOTTOM OF THE 2ND |
Detroit (APP) Tigers batting - Pitching for Burlington Royals : RHP Matt Slater
|
Batting: RHB Adam MacConnell
|
0-0: Foul Ball, location: 2F 0-1: Foul Ball, location: 2F 0-2: Ball 1-2: Ball 2-2: Strikes out swinging
|
Batting: LHB Tokugoro Adachi
|
0-0: Called Strike 0-1: Ball 1-1: SINGLE (Groundball, 15S, EV 65.0 MPH) (infield hit)
|
Batting: RHB Jose Evangelista
|
0-0: Foul Ball, location: 2F 0-1: Ball 1-1: Foul Ball, location: 2F 1-2: Fielders Choice at 2nd, 4-6 (Groundball, 4M, EV 98.1 MPH)
|
Batting: RHB Willie Ochoa
|
0-0: Ball Jose Evangelista steals 2nd base 1-0: Ground out 4-3 (Groundball, 4S, EV 83.1 MPH)
|
Bottom of the 2nd over - 0 runs, 1 hit, 0 errors, 1 left on base; Burlington 1 - Detroit (APP) 0 |
TOP OF THE 3RD |
Burlington Royals batting - Pitching for Detroit (APP) Tigers : LHP Satoru Mori
|
Batting: RHB Tim Persson
|
0-0: Ball 1-0: Called Strike 1-1: Swinging Strike 1-2: Ball 2-2: Ball 3-2: Strikes out looking
|
Batting: LHB Ernesto Abreu
|
0-0: Ball 1-0: Ball 2-0: SINGLE (Groundball, 6D, EV 98.1 MPH)
|
Batting: SHB Manny Berrones
|
0-0: Called Strike 0-1: Ball 1-1: Grounds into double play, 4-6-3 (Groundball, 4, EV 91.2 MPH)
|
Top of the 3rd over - 0 runs, 1 hit, 0 errors, 0 left on base; Burlington 1 - Detroit (APP) 0 |
BOTTOM OF THE 3RD |
Detroit (APP) Tigers batting - Pitching for Burlington Royals : RHP Matt Slater
|
Batting: RHB Jamie Villagrana
|
0-0: Called Strike 0-1: Ball 1-1: Swinging Strike 1-2: Ball 2-2: Ground out 5-3 (Groundball, 56, EV 80.6 MPH)
|
Batting: RHB Cory Wilkins
|
0-0: Ball 1-0: Ball 2-0: Foul Ball, location: 2F 2-1: Ball 3-1: Base on Balls
|
Batting: LHB Bill Ford
|
0-0: Ball 1-0: Foul Ball, location: 2F 1-1: Foul Ball, location: 2F 1-2: TRIPLE (Flyball, 9LD, EV 100.6 MPH) Cory Wilkins scores
|
Batting: RHB Jon Goldstein
|
0-0: Ball 1-0: Ball 2-0: Called Strike 2-1: Ball 3-1: Reached on error, E5 (Groundball, 56, EV 105.0 MPH) Bill Ford scores
|
Batting: LHB Jon Pedlar
|
0-0: Ball Jon Goldstein steals 2nd base 1-0: Foul Ball, location: 2F 1-1: Called Strike 1-2: Foul Ball, location: 2F 1-2: Foul Ball, location: 2F 1-2: Strikes out swinging
|
Batting: RHB Adam MacConnell
|
0-0: Ball 1-0: Fly out, F9 (Flyball, 9, EV 89.4 MPH)
|
Bottom of the 3rd over - 2 runs, 1 hit, 1 error, 1 left on base; Burlington 1 - Detroit (APP) 2 |
TOP OF THE 4TH |
Burlington Royals batting - Pitching for Detroit (APP) Tigers : LHP Satoru Mori
|
Batting: SHB Danny Ballenger
|
0-0: Ball 1-0: Ball 2-0: Called Strike 2-1: Foul Ball, location: 2F 2-2: Foul Ball, location: 2F 2-2: Foul Ball, location: 2F 2-2: Foul Ball, location: 2F 2-2: Ground out U3 (Groundball, 34S, EV 86.9 MPH)
|
Batting: LHB Bobby Gonzalez
|
0-0: Fly out, F8 (Flyball, 8LD, EV 98.1 MPH)
|
Batting: RHB Rob Ward
|
0-0: Ball 1-0: Fly out, F6 (Line Drive, 6, EV 67.5 MPH)
|
Top of the 4th over - 0 runs, 0 hits, 0 errors, 0 left on base; Burlington 1 - Detroit (APP) 2 |
BOTTOM OF THE 4TH |
Detroit (APP) Tigers batting - Pitching for Burlington Royals : RHP Matt Slater
|
Batting: LHB Tokugoro Adachi
|
0-0: Called Strike 0-1: Ball 1-1: Swinging Strike 1-2: Foul Ball, location: 2F 1-2: Ball 2-2: Foul Ball, location: 2F 2-2: Ball 3-2: Base on Balls
|
Batting: RHB Jose Evangelista
|
0-0: Called Strike 0-1: Grounds into double play, 6-4-3 (Groundball, 6, EV 109.4 MPH)
|
Batting: RHB Willie Ochoa
|
0-0: Called Strike 0-1: Fly out, F7 (Flyball, 7LS, EV 79.4 MPH)
|
Bottom of the 4th over - 0 runs, 0 hits, 0 errors, 0 left on base; Burlington 1 - Detroit (APP) 2 |
TOP OF THE 5TH |
Burlington Royals batting - Pitching for Detroit (APP) Tigers : LHP Satoru Mori
|
Batting: SHB Marcos Cortez
|
0-0: Foul Ball, location: 2F 0-1: Foul Ball, location: 2F 0-2: Ball 1-2: Foul Ball, location: 2F 1-2: Fly out, F9 (Line Drive, 9, EV 93.8 MPH)
|
Batting: RHB Shane Bruce
|
0-0: Ball 1-0: Ball 2-0: Called Strike 2-1: Ball 3-1: Foul Ball, location: 2F 3-2: Foul Ball, location: 2F 3-2: Fly out, F6 (Line Drive, 6, EV 67.5 MPH)
|
Batting: RHB Steve Ryals
|
0-0: Called Strike 0-1: Ball 1-1: Ball 2-1: DOUBLE (Flyball, 78D, EV 98.1 MPH)
|
Pitching: RHP Jerome Stady
|
|
Batting: RHB Tim Persson
|
0-0: Ball Passed Ball! Steve Ryals to third 1-0: Foul Ball, location: 2F 1-1: Swinging Strike 1-2: Strikes out swinging
|
Top of the 5th over - 0 runs, 1 hit, 0 errors, 1 left on base; Burlington 1 - Detroit (APP) 2 |
BOTTOM OF THE 5TH |
Detroit (APP) Tigers batting - Pitching for Burlington Royals : RHP Matt Slater
|
Batting: RHB Jamie Villagrana
|
0-0: Ground out 6-3 (Groundball, 6, EV 110.0 MPH)
|
Batting: RHB Cory Wilkins
|
0-0: Called Strike 0-1: Reached on error, E6 (Groundball, 6, EV 100.0 MPH)
|
Batting: LHB Bill Ford
|
0-0: Ball 1-0: TRIPLE (Flyball, 89XD, EV 108.8 MPH) Cory Wilkins scores
|
Batting: RHB Jon Goldstein
|
0-0: Ball 1-0: Foul Ball, location: 2F 1-1: Fly out, F7 (Flyball, 7, EV 98.8 MPH) Runner from 3rd tags up, SCORES, throw by LF
|
Batting: LHB Jon Pedlar
|
0-0: Called Strike 0-1: Swinging Strike 0-2: Ball 1-2: Foul Ball, location: 2F 1-2: Foul Ball, location: 2F 1-2: SINGLE (Flyball, 6D, EV 95.0 MPH)
|
Batting: RHB Adam MacConnell
|
0-0: Called Strike 0-1: Called Strike 0-2: Ball 1-2: Ball 2-2: Ball 3-2: SINGLE (Groundball, 34D, EV 97.5 MPH) Jon Pedlar to second Jon Pedlar to third
|
Batting: LHB Tokugoro Adachi
|
0-0: Ball 1-0: Foul Ball, location: 2F 1-1: Fielders Choice at 2nd, 6-4 (Groundball, 6, EV 85.6 MPH)
|
Bottom of the 5th over - 2 runs, 3 hits, 1 error, 2 left on base; Burlington 1 - Detroit (APP) 4 |
TOP OF THE 6TH |
Burlington Royals batting - Pitching for Detroit (APP) Tigers : RHP Jerome Stady
|
Batting: LHB Ernesto Abreu
|
0-0: Foul Ball, location: 2F 0-1: Ball 1-1: Fly out, F7 (Flyball, 7LS, EV 78.8 MPH)
|
Batting: SHB Manny Berrones
|
0-0: Ball 1-0: Ball 2-0: Called Strike 2-1: Ground out 6-3 (Groundball, 6M, EV 100.6 MPH)
|
Batting: SHB Danny Ballenger
|
0-0: Called Strike 0-1: Ball 1-1: Foul Ball, location: 2F 1-2: Foul Ball, location: 2F 1-2: Foul Ball, location: 2F 1-2: Strikes out swinging
|
Top of the 6th over - 0 runs, 0 hits, 0 errors, 0 left on base; Burlington 1 - Detroit (APP) 4 |
BOTTOM OF THE 6TH |
Detroit (APP) Tigers batting - Pitching for Burlington Royals : RHP Matt Slater
|
Batting: RHB Jose Evangelista
|
0-0: Swinging Strike 0-1: Ball 1-1: Ball 2-1: DOUBLE (Groundball, 3L, EV 106.2 MPH)
|
Batting: RHB Willie Ochoa
|
0-0: Ball 1-0: Ball 2-0: Called Strike 2-1: SINGLE (Line Drive, 8LS, EV 97.5 MPH) Jose Evangelista to third
|
Batting: RHB Jamie Villagrana
|
0-0: Foul Ball, location: 2F 0-1: Foul Ball, location: 2F 0-2: Ball 1-2: Foul Ball, location: 2F 1-2: Foul Ball, location: 2F 1-2: Ball 2-2: Foul Ball, location: 2F 2-2: Fielders Choice at 2nd, 4-6 (Groundball, 4S, EV 86.2 MPH) Jose Evangelista scores
|
Pitching: RHP Angel Castorena
|
|
Batting: RHB Cory Wilkins
|
0-0: Fly out, F7 (Flyball, 78D, EV 100.6 MPH)
|
Batting: LHB Bill Ford
|
0-0: SINGLE (Groundball, 34D, EV 101.9 MPH) Jamie Villagrana to second Runner from 2nd tries for 3rd, SAFE, throw by RF made to third
|
Batting: RHB Jon Goldstein
|
0-0: Swinging Strike 0-1: Ball 1-1: SINGLE (Groundball, 6MD, EV 101.9 MPH) Jamie Villagrana scores Bill Ford to second Runner from 2nd tries for 3rd, OUT after rundown.
|
Bottom of the 6th over - 2 runs, 4 hits, 0 errors, 1 left on base; Burlington 1 - Detroit (APP) 6 |
TOP OF THE 7TH |
Burlington Royals batting - Pitching for Detroit (APP) Tigers : RHP Jerome Stady
|
Batting: LHB Bobby Gonzalez
|
0-0: Ball 1-0: Called Strike 1-1: Ball 2-1: Called Strike 2-2: Strikes out swinging
|
Batting: RHB Rob Ward
|
0-0: Ball 1-0: Called Strike 1-1: Foul Ball, location: 2F 1-2: Ball 2-2: Foul Ball, location: 2F 2-2: Foul Ball, location: 2F 2-2: Foul Ball, location: 2F 2-2: Strikes out looking
|
Pitching: RHP Bert Hernandez
|
|
Batting: SHB Marcos Cortez
|
0-0: Foul Ball, location: 2F 0-1: Ball 1-1: Ball 2-1: Ground out 4-3 (Groundball, 4, EV 77.5 MPH)
|
Top of the 7th over - 0 runs, 0 hits, 0 errors, 0 left on base; Burlington 1 - Detroit (APP) 6 |
BOTTOM OF THE 7TH |
Detroit (APP) Tigers batting - Pitching for Burlington Royals : RHP Angel Castorena
|
Batting: LHB Jon Pedlar
|
0-0: Ground out 4-3 (Groundball, 4M, EV 105.6 MPH)
|
Batting: RHB Adam MacConnell
|
0-0: Called Strike 0-1: Ball 1-1: Called Strike 1-2: Ball 2-2: Foul Ball, location: 2F 2-2: Fly out, F6 (Popup, 6MD, EV 45.6 MPH)
|
Batting: LHB Tokugoro Adachi
|
0-0: Fly out, F8 (Flyball, 8LM, EV 93.8 MPH)
|
Bottom of the 7th over - 0 runs, 0 hits, 0 errors, 0 left on base; Burlington 1 - Detroit (APP) 6 |
TOP OF THE 8TH |
Burlington Royals batting - Pitching for Detroit (APP) Tigers : RHP Bert Hernandez
|
Batting: RHB Shane Bruce
|
0-0: Ground out 6-3 (Groundball, 6, EV 82.5 MPH)
|
Batting: RHB Steve Ryals
|
0-0: Ball 1-0: Called Strike 1-1: Ground out 4-3 (Groundball, 4, EV 82.5 MPH)
|
Batting: RHB Tim Persson
|
0-0: Called Strike 0-1: Reached on error, E4 (Groundball, 4MD, EV 103.8 MPH)
|
Batting: LHB Ernesto Abreu
|
0-0: Called Strike 0-1: Fielders Choice at 2nd, 6-4 (Groundball, 6, EV 84.4 MPH)
|
Top of the 8th over - 0 runs, 0 hits, 1 error, 1 left on base; Burlington 1 - Detroit (APP) 6 |
BOTTOM OF THE 8TH |
Detroit (APP) Tigers batting - Pitching for Burlington Royals : RHP Angel Castorena
|
Batting: RHB Jose Evangelista
|
0-0: TRIPLE (Flyball, 89D, EV 97.5 MPH)
|
Batting: RHB Willie Ochoa
|
0-0: Ball 1-0: Ball 2-0: Foul Ball, location: 2F 2-1: Foul Ball, location: 2F 2-2: Foul Ball, location: 2F 2-2: Strikes out swinging
|
Batting: RHB Jamie Villagrana
|
0-0: Foul Ball, location: 2F 0-1: Ball 1-1: Fly out, F9 (Flyball, 9D, EV 101.9 MPH) Runner from 3rd tags up, OUT at HOME! 9-2
|
Bottom of the 8th over - 0 runs, 1 hit, 0 errors, 0 left on base; Burlington 1 - Detroit (APP) 6 |
TOP OF THE 9TH |
Burlington Royals batting - Pitching for Detroit (APP) Tigers : RHP Bert Hernandez
|
Batting: SHB Manny Berrones
|
0-0: Ball 1-0: Called Strike 1-1: Ball 2-1: SINGLE (Groundball, 4M, EV 96.2 MPH) (infield hit)
|
Batting: SHB Danny Ballenger
|
0-0: Grounds into double play, 6-4-3 (Groundball, 6S, EV 83.8 MPH)
|
Batting: LHB Bobby Gonzalez
|
0-0: Ball 1-0: Called Strike 1-1: Ball 2-1: Foul Ball, location: 2F 2-2: Strikes out swinging
|
Top of the 9th over - 0 runs, 1 hit, 0 errors, 0 left on base; Burlington 1 - Detroit (APP) 6 |
|